 Dungeon Crawl Stone Soup version 0.23-a0-582-g1b4a0ca2fb (webtiles) character file.

36 Manul the Ducker (level 3, -1/18 HPs)
             Began as a Vine Stalker Gladiator on Dec 16, 2018.
             Slain by Sigmund
             ... wielding a +0 scythe
              (9 damage)
             ... on level 2 of the Dungeon.
             The game lasted 00:01:21 (1401 turns).

Manul the Ducker (Vine Stalker Gladiator)           Turns: 1401, Time: 00:01:22

Health: -1/18      AC:  4    Str: 17    XL:     3   Next: 37%
Magic:  0/4        EV: 13    Int:  8    God:
Gold:   57         SH:  0    Dex: 15    Spells: 2/2 levels left

rFire    . . .     SeeInvis .   a - +0 quarterstaff
rCold    . . .     Gourm    .   (shield currently unavailable)
rNeg     . . .     Faith    .   b - +0 leather armour
rPois    .         Spirit   +   c - +0 helmet
rElec    .         Reflect  .   (no cloak)
rCorr    .         Harm     .   (no gloves)
MR       .....                  (no boots)
Stlth    ++........             (no amulet)
HPRegen  0.06/turn              (no ring)
MPRegen  0.09/turn              (no ring)

@: hasted, very quick
A: fangs 2, magic shield, antimagic bite, no potion heal 3, rot immunity
a: no special abilities


You were on level 2 of the Dungeon.
You were hungry.

You visited 1 branch of the dungeon, and saw 2 of its levels.

You collected 57 gold pieces.

Inventory:

Hand Weapons
 a - a +0 quarterstaff (weapon)
Missiles
 d - 3 throwing nets (quivered)
Armour
 b - a +0 leather armour (worn)
 c - a +0 helmet (worn)
Scrolls
 h - a scroll of enchant armour {unknown}
 l - a scroll of remove curse
Comestibles
 f - 2 rations


   Skills:
 + Level 2.0 Fighting
 + Level 2.9 Staves
 + Level 1.9 Throwing
 + Level 0.4 Armour
 + Level 3.0 Dodging
 * Level 1.0 Stealth


You had 2 spell levels left.
You didn't know any spells.
Your spell library was empty.

Dungeon Overview and Level Annotations

Branches:
Dungeon (2/15)

Altars:
Kikubaaqudgha

Annotations:
D:2 Sigmund


Innate Abilities, Weirdness & Mutations

You have extremely sharp teeth.
When hurt, damage is shared between your health and your magic reserves.
Your bite disrupts and absorbs the magic of your enemies.
Potions cannot restore your health.
You are immune to rotting.


Message History

Deactivating autopickup; reactivate with Ctrl-A.
Something barely misses you.
You feel less invigorated.
You feel less confused.
You hear some strange, mumbled words.
Something tries to affect you, but you resist.
You hit something. You bite something. You drain its magic.
You hear some strange, mumbled words.
Something tries to affect you, but you resist.
You sock something! Something hits you but does no damage.
It was a potion of cancellation.
You feel magically purged. Something barely misses you.
You feel yourself speed up.
You closely miss something. Something hits you!
You miss something. You bite something. Something hits you!
Your leather armour prevents you from hitting something.
Your bite misses something. Something hits you!
Ouch! That really hurt!
You die...

).(........#.##........#
....########...........#
)†..#
####........##########
.†).#
#.....##............
....#
#.....##############
....# #.....# ...##
#[.{..# ...# #.....#
...# #..@..# ....
#.....## ##.##..#
#.###.## ##.###..#
##...###.#
########.....##.#
#.....#.......#.#
#.###....._.....#


There were no monsters in sight!

Vanquished Creatures
  A dart slug (D:1)
  8 bats
  4 hobgoblins
  2 jackals (D:1)
  3 kobolds (D:1)
  A ball python (D:1)
  A frilled lizard (D:2)
  5 goblins
  9 rats
34 creatures vanquished.

Notes
Turn   | Place    | Note
-------+----------+-------------------------------------------
     0 | D:1      | Manul the Vine Stalker Gladiator began the quest for the
                  | Orb.
     0 | D:1      | Reached XP level 1. HP: 11/11 MP: 2/2
    61 | D:1      | Reached XP level 2. HP: 12/15 MP: 3/3
   631 | D:1      | Reached XP level 3. HP: 15/18 MP: 4/4
   920 | D:2      | Found an ancient bone altar of Kikubaaqudgha.
  1071 | D:2      | Reached skill level 3 in Dodging
  1170 | D:2      | Noticed Sigmund
  1175 | D:2      | Reached skill level 1 in Stealth
  1401 | D:2      | Slain by Sigmund

Vault maps used:
D:1:      lemuel_arrival_lava_pool
D:2:      lemuel_round_altar, uniq_sigmund

Skill      XL: |  1  2  3 |
---------------+----------+-----
Fighting       | 2 |  2.0
Dodging        | 3 |  3.0
Stealth        | 1 |  1.0
Staves         | |  2.9
Throwing       | |  1.9
Armour         | |  0.4

Action                   || total
-------------------------++-------
Melee: Quarterstaff      ||    83
       Bite              ||    15
  Use: Potion            ||     4
       Scroll            ||     2
 Stab: Sleeping          ||     2
  Eat: Chunk             ||     1
Armor: Leather armour    ||    45
Dodge: Dodged            ||    71

Table legend:
 A = Non-vault XP
 B = Vault XP
 C = Vault XP percentage of total XP
 D = Non-vault monster count
 E = Vault monster count
 F = Vault count percentage of total count
                 A         B        C        D         E       F
            +---------+---------+-------+---------+---------+-------
      Total |      52 |       0 |   0.0 |      34 |       0 |   0.0
            +---------+---------+-------+---------+---------+-------
        D:1 |      39 |       0 |   0.0 |      25 |       0 |   0.0
        D:2 |      13 |       0 |   0.0 |       9 |       0 |   0.0
            +---------+---------+-------+---------+---------+-------
